 Dungeon Crawl Stone Soup version 0.31-a0-532-g28f74ba3e5 (console) character file.

Game seed: 9016220199455921309

19505 jejorda2 the Protected (level 12, -3/97 HPs)
             Began as a Gnoll Berserker on Aug 11, 2023.
             Was an Elder of Trog.
             Killed by the air
             ... invoked by a wind drake
              (11 damage)
             ... on level 2 of the Lair of Beasts on Aug 12, 2023.
             The game lasted 00:31:32 (12777 turns).

jejorda2 the Protected (Gnoll Berserker)           Turns: 12777, Time: 00:31:33

Health: -3/97      AC: 21    Str: 21    XL:     12   Next: 69%
Magic:  23/23      EV: 17    Int:  7    God:    Trog [****..]
Gold:   692        SH:  0    Dex: 12    Spells: 26/26 levels left

rFire   . . .        a - +0 battleaxe
rCold   . . .        (shield currently unavailable)
rNeg    . . .        v - +2 chain mail {Will+}
rPois   .            l - +2 helmet
rElec   .            u - +0 cloak
rCorr   .            o - +1 pair of gloves
SInv    .            (no boots)
Will    ++++.        (no amulet)
Stlth   +            E - ring of willpower
HPRegen 1.36/turn    s - +5 ring of evasion
MPRegen 0.18/turn

%: no passive effects
@: strong-willed, on berserk cooldown, regenerating, slowed, studying Armour,
very slow
A: fangs 1, strong nose, distributed training
a: Renounce Religion, Berserk, Trog's Hand, Brothers in Arms


You were on level 2 of the Lair of Beasts.
You worshipped Trog.
Trog was greatly pleased with you.
You visited 2 branches of the dungeon, and saw 12 of its levels.
You also visited: Ossuary.

You collected 762 gold pieces.
You spent 70 gold pieces at shops.

Inventory:

Hand Weapons
 a - a +0 battleaxe (weapon)
 b - a +0 dire flail
 C - a +4 executioner's axe of flaming
Missiles
 e - 10 boomerangs
 i - 13 poisoned darts (quivered)
 j - 7 curare-tipped darts
 y - 3 throwing nets
 I - 6 javelins
Armour
 l - a +2 helmet (worn)
 o - a +1 pair of gloves (worn)
 u - a +0 cloak (worn)
 v - a +2 chain mail of willpower (worn)
Jewellery
 s - a +5 ring of evasion (right hand)
 E - a ring of willpower (left hand)
Wands
 h - a wand of charming (26)
 t - a wand of flame (29)
 A - a wand of mindburst (13)
 F - a wand of light (12)
Scrolls
 g - 2 scrolls of teleportation
 k - a scroll of silence
 q - 7 scrolls of poison
 x - a scroll of immolation
 B - 4 scrolls of identify
Potions
 c - 7 potions of mutation
 d - 14 potions of curing
 f - 2 potions of haste {unknown}
 m - 6 potions of attraction
 n - a potion of brilliance {unknown}
 p - 3 potions of enlightenment
 r - a potion of resistance {unknown}
 w - a potion of berserk rage {unknown}
 z - 2 potions of might
 D - a potion of lignification


   Skills:
 + Level 10.1 Fighting
 + Level 7.6 Short Blades
 + Level 7.6 Long Blades
 + Level 10.1 Axes
 + Level 7.6 Maces & Flails
 + Level 7.6 Polearms
 + Level 7.6 Staves
 + Level 7.6 Ranged Weapons
 + Level 7.6 Throwing
 + Level 11.6 Armour
 + Level 9.0 Dodging
 + Level 7.6 Stealth
 + Level 7.6 Shields
 + Level 7.6 Unarmed Combat
 + Level 7.6 Spellcasting
 + Level 6.3 Conjurations
 + Level 6.3 Hexes
 + Level 6.3 Summonings
 + Level 6.3 Necromancy
 + Level 6.3 Translocations
 + Level 6.3 Transmutations
 + Level 6.3 Fire Magic
 + Level 6.3 Ice Magic
 + Level 6.3 Air Magic
 + Level 6.3 Earth Magic
 + Level 6.3 Poison Magic
 + Level 8.4 Invocations
 + Level 7.6 Evocations
 + Level 6.3 Shapeshifting


You had 26 spell levels left.
You didn't know any spells.
Your spell library was empty.

Dungeon Overview and Level Annotations

Branches:
Dungeon (10/15)            Temple (0/1) D:5            Lair (2/5) D:9
    Orc (0/2) D:10        Ossuary (visited)
  Swamp: Lair:2-3    Shoals: Lair:2-3     Snake: Lair:2-3    Spider: Lair:2-3

Altars:
Cheibriados
Elyvilon
Hepliaklqana
Makhleb
Okawaru
Uskayaw
Wu Jian
Xom
Yredelemnul

Shops:
D:7 *


Innate Abilities, Weirdness & Mutations

You have very sharp teeth.
Your uncanny sense of smell can sniff out nearby items.
Your experience applies equally to all skills.


Message History

You hit the wind drake. The wind drake closely misses you.
The wind drake flaps its wings at you. The air twists around and strikes you!
You slice the wind drake!!
The wind drake is moderately wounded.
The wind drake barely misses you. The wind drake flaps its wings at you.
The air twists around and strikes you!
You are too injured to fight recklessly!
You are too injured to fight recklessly!
You are too injured to fight recklessly!
You are too injured to fight recklessly!
You are too injured to fight recklessly!
You barely miss the wind drake.
You bite the wind drake, but do no damage.
The wind drake is moderately wounded.
The wind drake closely misses you. The wind drake bites you.
You slice the wind drake!! Your bite misses the wind drake.
The wind drake is severely wounded.
The wind drake exhales a fierce blast of wind!
You are knocked back by the gust of wind.
The wind drake exhales a fierce blast of wind!
You are knocked back by the gust of wind.
The wind drake flaps its wings at you. The air twists around and strikes you!!
* * * LOW HITPOINT WARNING * * *
The wind drake bites you but does no damage.
You hit the wind drake but do no damage.
The wind drake is severely wounded.
The wind drake bites you but does no damage.
The wind drake flaps its wings at you. The air twists around and strikes you!!
* * * LOW HITPOINT WARNING * * *
Okay, then.
Your skin crawls.
You feel strong-willed. Trog will no longer gift you weapons.
The wind drake flaps its wings at you. The air twists around and strikes you!
You die...

..................
....................$..........
.................................
$................................
.................................
.................................
.............†...................
...............k@................
.................................
......†..........................
..........#......................
............#....#.......#.......
.........#####....#....##........
.........# #...###...###.....#.
########## ##### ##### ########


You could see a wind drake (repels missiles).

Vanquished Creatures
  Harold (D:10)
  2 two-headed ogres (D:10)
  Erica (D:8)
  Urug (D:10)
  9 elephants
  A rust devil (D:10)
  Maurice (D:10)
  Joseph (D:10)
  5 centaur zombies (D:10)
  A smoke demon (D:10)
  A cane toad (Lair:1)
  A komodo dragon (Lair:1)
  A rime drake (Lair:2)
  3 trolls (D:10)
  2 hellwings (D:10)
  A hornet (D:9)
  16 yaks
  5 wyverns
  A steam dragon (D:8)
  2 wargs (D:9)
  7 water moccasins
  8 orc warriors
  2 black bears
  An ogre (D:5)
  7 wolves (Lair:1)
  4 centaurs
  A kobold brigand (D:9)
  6 bullfrogs
  A scorpion (D:3)
  2 gnoll sergeants
  4 necrophages (D:10)
  10 wights
  6 howler monkeys
  An electric eel (Lair:1)
  A lava snake (D:10)
  A human zombie (D:10)
  7 orc priests
  A hound (D:6)
  Crazy Yiuf (D:3)
  4 sleepcaps
  Ijyb (D:3)
  2 iguanas
  11 orc wizards
  7 mummies
  Robin (D:3)
  12 gnolls
  6 adders
  2 shadow imps (D:7)
  A white imp (D:5)
  2 ufetubi
  4 worms
  A dart slug (D:1)
  30 orcs
  8 ball pythons
  7 endoplasms
  6 giant cockroaches
  2 gnoll zombies (Ossuary)
  23 goblins
  8 hobgoblins
  3 jackals (D:3)
  14 kobolds
  3 quokkas
  7 bats
  A goblin zombie (Ossuary)
  2 hobgoblin zombies (Ossuary)
  2 kobold zombies (Ossuary)
  An orc zombie (Ossuary)
  11 rats
  A spectral hobgoblin (D:3)
310 creatures vanquished.

Vanquished Creatures (others)
  A worm (D:3)
  An endoplasm (D:3)
  A quokka (D:3)
  A kobold (D:3)
4 creatures vanquished.

Grand Total: 314 creatures vanquished

Notes
Turn   | Place    | Note
-------+----------+-------------------------------------------
     0 | D:1      | jejorda2 the Gnoll Berserker began the quest for the Orb.
     0 | D:1      | Reached XP level 1. HP: 23/23 MP: 1/1
   147 | D:1      | Reached XP level 2. HP: 26/29 MP: 2/2
   472 | D:1      | Reached XP level 3. HP: 35/35 MP: 3/3
   491 | D:1      | Reached ** piety under Trog
   873 | D:2      | Reached skill level 1 in Invocations
  1546 | D:3      | Reached skill level 1 in Short Blades
  1546 | D:3      | Reached skill level 1 in Long Blades
  1546 | D:3      | Reached skill level 1 in Maces & Flails
  1546 | D:3      | Reached skill level 1 in Polearms
  1546 | D:3      | Reached skill level 1 in Staves
  1546 | D:3      | Reached skill level 1 in Ranged Weapons
  1546 | D:3      | Reached skill level 1 in Throwing
  1546 | D:3      | Reached skill level 1 in Stealth
  1546 | D:3      | Reached skill level 1 in Shields
  1546 | D:3      | Reached skill level 1 in Unarmed Combat
  1546 | D:3      | Reached skill level 1 in Spellcasting
  1546 | D:3      | Reached skill level 1 in Evocations
  1547 | D:3      | Noticed Ijyb
  1554 | D:3      | Killed Ijyb
  1555 | D:3      | Reached XP level 4. HP: 41/41 MP: 5/5
  1562 | D:3      | Reached skill level 1 in Conjurations
  1562 | D:3      | Reached skill level 1 in Hexes
  1562 | D:3      | Reached skill level 1 in Summonings
  1562 | D:3      | Reached skill level 1 in Necromancy
  1562 | D:3      | Reached skill level 1 in Translocations
  1562 | D:3      | Reached skill level 1 in Transmutations
  1562 | D:3      | Reached skill level 1 in Fire Magic
  1562 | D:3      | Reached skill level 1 in Ice Magic
  1562 | D:3      | Reached skill level 1 in Air Magic
  1562 | D:3      | Reached skill level 1 in Earth Magic
  1562 | D:3      | Reached skill level 1 in Poison Magic
  1562 | D:3      | Reached skill level 1 in Shapeshifting
  1566 | D:3      | Reached XP level 5. HP: 47/47 MP: 6/6
  1588 | D:3      | Upgraded the game from 0.31-a0-523-g071a6c1ffa to
                  | 0.31-a0-532-g28f74ba3e5
  1673 | D:3      | Found a runed translucent door.
  1674 | D:3      | Noticed Crazy Yiuf
  1681 | D:3      | Killed Crazy Yiuf
  1893 | D:3      | Found a shimmering altar of Xom.
  1931 | D:3      | Reached XP level 6. HP: 49/53 MP: 8/8
  2135 | D:3      | Found a faded altar of an unknown god.
  2175 | D:3      | Reached skill level 5 in Armour
  2175 | D:3      | Reached skill level 5 in Dodging
  2207 | D:3      | Found a burning altar of Makhleb.
  2449 | D:3      | Reached *** piety under Trog
  2464 | D:3      | Noticed Robin
  2467 | D:3      | Killed Robin
  2603 | D:4      | Identified a scroll of acquirement
  2603 | D:4      | Acquired a manual of Armour
  2847 | D:4      | Found a snail-covered altar of Cheibriados.
  2880 | D:4      | Found a sand-covered staircase.
  2906 | D:4      | Reached XP level 7. HP: 59/59 MP: 10/10
  2915 | Ossuary  | Entered an ossuary
  3269 | D:4      | Found a hide-covered altar of Uskayaw.
  3395 | D:4      | Found a hazy altar of Hepliaklqana.
  3837 | D:5      | Entered Level 5 of the Dungeon
  4050 | D:5      | Found a staircase to the Ecumenical Temple.
  4543 | D:6      | Reached XP level 8. HP: 35/67 MP: 12/12
  4549 | D:6      | Reached skill level 6 in Armour
  5195 | D:7      | Noticed a wyvern
  5207 | D:7      | Killed a wyvern
  5207 | D:7      | Reached **** piety under Trog
  5588 | D:7      | Found Ufosuec's General Store.
  5595 | D:7      | Bought a potion of lignification for 42 gold pieces
  5595 | D:7      | Bought a scroll of identify for 28 gold pieces
  5603 | D:7      | Found a white marble altar of Elyvilon.
  5672 | D:7      | Found an ornate altar of the Wu Jian Council.
  5694 | D:7      | Reached XP level 9. HP: 70/73 MP: 14/14
  5699 | D:7      | Reached skill level 7 in Armour
  7044 | D:8      | Noticed Erica
  7054 | D:8      | Killed Erica
  7055 | D:8      | Reached skill level 8 in Armour
  7055 | D:8      | Reached skill level 5 in Invocations
  7146 | D:8      | Identified the +6 leather armour of Eternity {SInv}
  7434 | D:8      | Reached XP level 10. HP: 63/80 MP: 17/17
  7917 | D:9      | Reached skill level 5 in Short Blades
  7917 | D:9      | Reached skill level 5 in Long Blades
  7917 | D:9      | Reached skill level 5 in Maces & Flails
  7917 | D:9      | Reached skill level 5 in Polearms
  7917 | D:9      | Reached skill level 5 in Staves
  7917 | D:9      | Reached skill level 5 in Ranged Weapons
  7917 | D:9      | Reached skill level 5 in Throwing
  7917 | D:9      | Reached skill level 5 in Stealth
  7917 | D:9      | Reached skill level 5 in Shields
  7917 | D:9      | Reached skill level 5 in Unarmed Combat
  7917 | D:9      | Reached skill level 5 in Spellcasting
  7917 | D:9      | Reached skill level 5 in Evocations
  8066 | D:9      | Found a staircase to the Lair.
  8794 | D:10     | Entered Level 10 of the Dungeon
  8922 | D:10     | Noticed Urug
  8947 | D:10     | Killed Urug
  8948 | D:10     | Reached skill level 9 in Armour
  9182 | D:10     | Found an iron altar of Okawaru.
  9182 | D:10     | Noticed Joseph
  9182 | D:10     | Noticed Harold
  9212 | D:10     | Killed Harold
  9220 | D:10     | Killed Joseph
  9416 | D:10     | Reached XP level 11. HP: 70/87 MP: 19/19
  9537 | D:10     | Noticed Maurice
  9564 | D:10     | Killed Maurice
  9565 | D:10     | Reached skill level 5 in Conjurations
  9565 | D:10     | Reached skill level 5 in Hexes
  9565 | D:10     | Reached skill level 5 in Summonings
  9565 | D:10     | Reached skill level 5 in Necromancy
  9565 | D:10     | Reached skill level 5 in Translocations
  9565 | D:10     | Reached skill level 5 in Transmutations
  9565 | D:10     | Reached skill level 5 in Fire Magic
  9565 | D:10     | Reached skill level 5 in Ice Magic
  9565 | D:10     | Reached skill level 5 in Air Magic
  9565 | D:10     | Reached skill level 5 in Earth Magic
  9565 | D:10     | Reached skill level 5 in Poison Magic
  9565 | D:10     | Reached skill level 5 in Shapeshifting
 10078 | D:10     | Found a basalt altar of Yredelemnul.
 10107 | D:10     | Reached skill level 10 in Armour
 10241 | D:10     | Reached ***** piety under Trog
 10367 | D:10     | Found a staircase to the Orcish Mines.
 10511 | D:10     | Noticed a two-headed ogre
 10525 | D:10     | Killed a two-headed ogre
 10719 | D:10     | Noticed a two-headed ogre
 10736 | D:10     | Killed a two-headed ogre
 11156 | Lair:1   | Entered Level 1 of the Lair of Beasts
 11245 | Lair:1   | Reached XP level 12. HP: 52/97 MP: 22/22
 11580 | Lair:1   | Reached skill level 11 in Armour
 12138 | Lair:1   | Reached skill level 10 in Fighting
 12138 | Lair:1   | Reached skill level 10 in Axes
 12650 | Lair:2   | Received a gift from Trog
 12777 | Lair:2   | Killed from afar by a wind drake

Illustrated notes

Levels and vault maps discovered:
D:1:      lightli_arrival_statue_moat, layout_basic
D:2:      layout_loops_cross, minmay_misc_feat_diagonals
D:3:      kennysheep_goblin_castle, layout_rooms, xom_confusion_cloud,
          lightli_temple_of_fire, dreamdust_ecumenical_altar_drowned_temple,
          uniq_crazy_yiuf_cottage, uniq_ijyb
D:4:      layout_cave_pods, kennysheep_mini, nicolae_overflow_squiral,
          nicolae_ossuary_entry_ruins
D:5:      layout_basic, minmay_temple_entry_poolview, minivault_26,
          serial_bayou_pond_d
D:6:      layout_basic
D:7:      layout_basic, elyvilon_altar_5, amcnicky_altar_gilded, serial_shops,
          nicolae_shop_temple_entry_statues_fountains
D:8:      layout_basic, uniq_erica
D:9:      layout_basic, erik_lair_orcish_takeover, minmay_strange_pillars
D:10:     layout_basic, okawaru_gym_becter, lemuel_mausoleum_altar_yredelemnul,
          david_orc_4, grunt_ministairs_14, nicolae_where_there's_smoke,
          uniq_joseph, uniq_urug, uniq_maurice, uniq_harold
Lair:1:   layout_cave_shapes, serial_bayou_pond_a, beast_lair_carwin_7,
          grunt_megastairs_5, infiniplex_staircase_pool, lemuel_fruit_tree
Lair:2:   layout_cave_shapes, minmay_shoals_entry_beasts,
          spider_nest_entry_funnel_web, gauntlet_entry_generic,
          serial_bayou_ford_a, serial_bayou_pond_a, grunt_megastairs_1

Skill      XL: |  1  2  3  4  5  6  7  8  9 10 11 12 |
---------------+-------------------------------------+-----
Invocations    | 1 2 3 4 5 6 7 8 |  8.4
Short Blades   | 1 2 3 4 5 7 |  7.6
Long Blades    | 1 2 3 4 5 7 |  7.6
Maces & Flails | 1 2 3 4 5 7 |  7.6
Polearms       | 1 2 3 4 5 7 |  7.6
Staves         | 1 2 3 4 5 7 |  7.6
Ranged Weapons | 1 2 3 4 5 7 |  7.6
Throwing       | 1 2 3 4 5 7 |  7.6
Stealth        | 1 2 3 4 5 7 |  7.6
Shields        | 1 2 3 4 5 7 |  7.6
Unarmed Combat | 1 2 3 4 5 7 |  7.6
Spellcasting   | 1 2 3 4 5 7 |  7.6
Evocations     | 1 2 3 4 5 7 |  7.6
Conjurations   | 1 2 3 4 5 6 |  6.3
Hexes          | 1 2 3 4 5 6 |  6.3
Summonings     | 1 2 3 4 5 6 |  6.3
Necromancy     | 1 2 3 4 5 6 |  6.3
Translocations | 1 2 3 4 5 6 |  6.3
Transmutations | 1 2 3 4 5 6 |  6.3
Fire Magic     | 1 2 3 4 5 6 |  6.3
Ice Magic      | 1 2 3 4 5 6 |  6.3
Air Magic      | 1 2 3 4 5 6 |  6.3
Earth Magic    | 1 2 3 4 5 6 |  6.3
Poison Magic   | 1 2 3 4 5 6 |  6.3
Shapeshifting  | 1 2 3 4 5 6 |  6.3
Armour         | 5 6 8 9 10 11 | 11.6
Dodging        | 5 6 7 8 9 |  9.0
Fighting       | 7 8 9 10 | 10.1
Axes           | 7 8 9 10 | 10.1

Action                     |  1- 3 |  4- 6 |  7- 9 | 10-12 || total
---------------------------+-------+-------+-------+-------++-------
  Melee: Hand axe          |    61 |       |   107 |       ||   168
         Bite              |    13 |    20 |    44 |    99 ||   176
         War axe           |    65 |   190 |   147 |       ||   402
         Punch             |       |       |     8 |       ||     8
         Battleaxe         |       |       |    44 |   588 ||   632
  Throw: Dart              |       |       |       |     1 ||     1
 Invoke: Berserk           |     2 |     2 |     5 |    14 ||    23
         Trog's Hand       |       |     3 |     3 |     5 ||    11
  Evoke: Wand              |       |       |       |     4 ||     4
    Use: Scroll            |       |    11 |     3 |     4 ||    18
         Potion            |       |     1 |     2 |     1 ||     4
 Armour: Animal skin       |     5 |       |       |       ||     5
         Scale mail        |    21 |       |       |       ||    21
         Chain mail        |    14 |   136 |   187 |   474 ||   811
  Dodge: Dodged            |    67 |    98 |   179 |   413 ||   757

Table legend: (Time is in decaauts)
 A = Elapsed time spent in this place.
 B = Non-inter-level travel time spent in this place.
 C = Inter-level travel time spent in this place.
 D = Time resting spent in this place.
 E = Time spent auto-exploring this place.
 F = Levels seen in this place.
 G = Mean time per level.
                   A        B        C        D        E       F      G
               +--------+--------+--------+--------+--------+-----+--------+
         Total |  13123 |  12417 |    706 |    831 |   8640 |  13 | 1009.5 |
       Dungeon |  11166 |  10479 |    687 |    706 |   7386 |  10 | 1116.6 |
          Lair |   1686 |   1667 |     19 |    124 |   1089 |   2 |  843.0 |
       Ossuary |    270 |    270 |      0 |      0 |    165 |   1 |  270.0 |
               +--------+--------+--------+--------+--------+-----+--------+

Top non-repeatable levels by time:
    D:10: 2455 daAuts
  Lair:1: 1518 daAuts
     D:8: 1514 daAuts
     D:3: 1149 daAuts
     D:7: 1049 daAuts
     D:4: 997 daAuts
     D:9: 897 daAuts
     D:5: 862 daAuts
     D:1: 860 daAuts
     D:6: 739 daAuts
     D:2: 639 daAuts
 Ossuary: 270 daAuts
  Lair:2: 168 daAuts
